 Dungeon Crawl Stone Soup version 0.26-b1-32-g5d43845318 (webtiles) character file.

Game seed: 11974796304575667864

145 Borgoz the Cudgeller (level 5, -1/32 HPs)
             Began as a Gargoyle Gladiator on Jan 11, 2021.
             Slain by an orc warrior
             ... wielding a +2 halberd of protection
              (19 damage)
             ... on level 4 of the Dungeon.
             The game lasted 00:02:14 (2882 turns).

Borgoz the Cudgeller (Gargoyle Gladiator)           Turns: 2882, Time: 00:02:15

Health: -1/32      AC: 11    Str: 17    XL:     5   Next: 27%
Magic:  5/5        EV: 12    Int:  9    God:
Gold:   75         SH:  0    Dex: 12    Spells: 4/4 levels left

rFire    . . .     SeeInvis .   a - +0 flail
rCold    . . .     Faith    .   (no shield)
rNeg     + . .     Spirit   .   k - +0 ring mail
rPois    ∞         Reflect  .   e - +1 helmet
rElec    +         Harm     .   (no cloak)
rCorr    .         Rampage  .   (no gloves)
Will     .....                  (no boots)
Stlth    +.........             (no amulet)
HPRegen  0.10/turn              (no ring)
MPRegen  0.09/turn              (no ring)

@: hasted, very quick
A: negative energy resistance 1, electricity resistance, unbreathing,
petrification resistance, miasma immunity, AC +4
a: no special abilities


You were on level 4 of the Dungeon.
You visited 1 branch of the dungeon, and saw 4 of its levels.

You collected 75 gold pieces.

Inventory:

Hand Weapons
 a - a +0 flail (weapon)
Missiles
 d - 3 throwing nets (quivered)
Armour
 e - a +1 helmet (worn)
 k - a +0 ring mail (worn)
Scrolls
 c - 2 scrolls of teleportation
 f - 4 scrolls of identify {unknown}
 g - a scroll of fog {unknown}
 i - 2 scrolls of remove curse {unknown}
 n - a scroll of noise {unknown}
 o - a scroll of blinking {unknown}
Potions
 h - a potion of mutation {unknown}
 j - a potion of curing {unknown}
 l - a potion of flight {unknown}
 m - a potion of haste


   Skills:
 + Level 3.1 Fighting
 * Level 4.1 Maces & Flails
 - Level 1.7 Throwing
 + Level 1.7 Armour
 * Level 3.4 Dodging


You had 4 spell levels left.
You didn't know any spells.
Your spell library was empty.

Dungeon Overview and Level Annotations

Branches:
Dungeon (4/15)
 Temple: D:4-7

Altars:
Ashenzari
Elyvilon
Okawaru
Vehumet
Yredelemnul


Innate Abilities, Weirdness & Mutations

You are resistant to torment.
Your stone body is resilient. (AC +4)
You are immune to poison.
You resist negative energy. (rN+)
You are resistant to electric shocks. (rElec)
You can survive without breathing.
You are immune to petrification.
You are immune to miasma.


Message History

The orc warrior hits you but does no damage.
You sock the orc warrior!
The orc warrior is moderately wounded.
You sock the orc warrior!
The orc warrior is heavily wounded.
The orc warrior hits you with a +2 halberd of protection.
You hit the orc warrior.
The orc warrior is severely wounded.
An orc priest comes into view. It is wielding a +0 club.
The orc warrior hits you with a +2 halberd of protection!
You hit the orc warrior but do no damage.
The orc warrior is severely wounded.
You hit the orc warrior but do no damage.
The orc warrior is severely wounded.
The orc warrior misses you.
You hit the orc warrior.
The orc warrior is severely wounded.
The orc warrior hits you with a +2 halberd of protection!!
Ouch! That really hurt!
You die...

### .o# #
#B# #. #o#
#.#.#@#
###....###
..........+
####....#.#
#..#.#.#
#.##.#.#
#.#..#.#
#.#.##.#
#+#
#......#
#.#


You could see an orc warrior, an orc priest and a giant cockroach.

Vanquished Creatures
  A howler monkey (D:4)
  2 adders (D:3)
  2 gnolls (D:1)
  3 worms
  2 leopard geckos (D:3)
  3 orcs (D:3)
  A ball python (D:3)
  4 giant cockroaches
  7 goblins (D:1)
  7 hobgoblins
  8 kobolds
  2 quokkas (D:3)
  9 bats
  A quokka skeleton (D:4)
  8 rats
60 creatures vanquished.

Notes
Turn   | Place    | Note
-------+----------+-------------------------------------------
     0 | D:1      | Borgoz the Gargoyle Gladiator began the quest for the Orb.
     0 | D:1      | Reached XP level 1. HP: 12/12 MP: 1/1
    89 | D:1      | Reached XP level 2. HP: 18/18 MP: 2/2
   278 | D:1      | You fall into a shaft and drop 1 floor!
   485 | D:2      | Found a white marble altar of Elyvilon.
   539 | D:2      | Reached XP level 3. HP: 17/22 MP: 3/3
   620 | D:2      | Found a radiant altar of Vehumet.
   694 | D:2      | Found a broken altar of Ashenzari.
   779 | D:1      | Reached skill level 1 in Armour
  1836 | D:3      | Found a basalt altar of Yredelemnul.
  1886 | D:3      | Reached XP level 4. HP: 18/27 MP: 4/4
  2109 | D:3      | Found an iron altar of Okawaru.
  2674 | D:4      | Reached skill level 4 in Maces & Flails
  2674 | D:4      | Reached XP level 5. HP: 30/32 MP: 5/5
  2868 | D:4      | Noticed an orc warrior
  2882 | D:4      | Slain by an orc warrior

Illustrated notes

Levels and vault maps discovered:
D:1:      dpeg_arrival_signposts, layout_basic, st_stairs_13
D:2:      layout_basic, general_overflow_altar, vehumet_crystals,
          elyvilon_altar_3
D:3:      layout_loops_cross, okawaru_altar_gauntlet_db,
          nicolae_overflow_hidden_temple
D:4:      layout_loops_corners, portal_sewer_entry_a

Skill      XL: |  1  2  3  4 |
---------------+-------------+-----
Armour         | 1 |  1.7
Dodging        | 3 |  3.4
Fighting       | 3 |  3.1
Maces & Flails | 4 |  4.1
Throwing       | |  1.7

Action                   |  1- 3 |  4- 6 || total
-------------------------+-------+-------++-------
Melee: Flail             |   104 |    81 ||   185
  Use: Scroll            |       |     1 ||     1
       Potion            |       |     2 ||     2
Armor: Leather armour    |    35 |       ||    35
       Ring mail         |    26 |    36 ||    62
Dodge: Dodged            |   104 |    69 ||   173
